 Dungeon Crawl Stone Soup version 0.29-a0-330-g52719c12eb (webtiles) character file.

Game seed: 3832920771905404380

227 kae the Changer (level 5, -10/42 HPs)
             Began as a Draconian Transmuter on Apr 19, 2022.
             Killed from afar by Ijyb (30 damage)
             ... with a bolt of acid
             ... on level 4 of the Dungeon.
             The game lasted 00:02:34 (3154 turns).

kae the Changer (Draconian Transmuter)              Turns: 3154, Time: 00:02:35

Health: -10/42     AC: 11    Str: 12    XL:     5   Next: 70%
Magic:  9/9        EV: 13    Int: 15    God:
Gold:   608        SH:  0    Dex: 18    Spells: 3/9 levels left

rFire   . . .      SeeInvis .     - Unarmed
rCold   . . .      Faith    .   (no shield)
rNeg    . . .      Spirit   .   (body armour unavailable)
rPois   .          Reflect  .   (helmet restricted)
rElec   .          Harm     .   (no cloak)
rCorr   .          Rampage  .   m - +1 pair of gloves
Will    .....                   (no boots)
Stlth   ++........              g - amulet of regeneration
HPRegen 0.94/turn               h - +6 ring of dexterity
MPRegen 0.11/turn               r - +4 ring of protection

@: no status effects
A: AC +5, unfitting armour, cold-blooded
a: no special abilities


You were on level 4 of the Dungeon.
You visited 1 branch of the dungeon, and saw 4 of its levels.

You collected 1728 gold pieces.
You spent 1120 gold pieces at shops.

Inventory:

Armour
 m - a +1 pair of gloves (worn)
Jewellery
 g - an amulet of regeneration (around neck)
 h - a +6 ring of dexterity (left hand)
 r - a +4 ring of protection (right hand)
Scrolls
 d - 2 scrolls of teleportation
 l - a scroll of enchant weapon
 o - a scroll of magic mapping
Potions
 a - a potion of lignification
 b - a potion of cancellation
 c - a potion of haste
 e - 2 potions of flight
 f - 3 potions of curing
 i - a potion of resistance {unknown}
 j - 2 potions of heal wounds
 k - a potion of berserk rage
 n - a potion of degeneration {unknown}
 p - a potion of ambrosia {unknown}
 q - 2 potions of mutation


   Skills:
 + Level 2.5 Fighting
 + Level 2.7 Dodging
 + Level 3.7 Unarmed Combat
 + Level 2.9 Spellcasting
 * Level 3.8 Transmutations


You had 3 spell levels left.
You knew the following spells:

 Your Spells              Type           Power      Damage    Failure   Level
a - Beastly Appendage     Tmut           26%        N/A       4%          1
b - Spider Form           Tmut/Pois      7%         N/A       28%         3
c - Wereblood             Tmut           13%        N/A       6%          2

Your spell library contained the following spells:

 Spells                   Type           Power      Damage    Failure   Level
 Ice Form                 Ice/Tmut       7%         N/A       67%         4
 Fulminant Prism          Conj/Hex       1%         3d6       90%         4
 Iskenderun's Mystic Bla  Conj/Tloc      2%         2d3       90%         4
 Freezing Cloud           Conj/Ice/Air   1%         6-21      99%         5
 Lee's Rapid Deconstruct  Erth           1%         3d5*      99%         5
 Simulacrum               Ice/Necr       1%         N/A       100%        6
 Polar Vortex             Ice            1%         N/A       100%        9


Dungeon Overview and Level Annotations

Branches:
Dungeon (4/15)
 Temple: D:4-7

Altars:

Shops:
D:3 ?!=(!

Annotations:
D:3 1 runed translucent door, initializr's ghost, amateur MiFi
D:4 Ijyb


Innate Abilities, Weirdness & Mutations

Your plain brown scales are hard. (AC +5)
You cannot fit into any form of body armour.
You are cold-blooded and may be slowed by cold attacks.


Message History

No target in view!
No target in view!
Things that are here:
a +0 whip; a +0 leather armour; an orc corpse
Things that are here:
a +0 dagger; a +0 robe
Things that are here:
a +0 dagger of speed; a +0 leather armour; a +0 hand axe An adder comes into view.
The adder hisses angrily.
An adder is nearby!
An adder is nearby!
An adder is nearby!
Casting: Spider Form (quite dangerous; 28% risk of failure)
Confirm with . or Enter, or press ? or * to list all spells.
You grow a pair of large bovine horns.
Your feet morph into talons.
The adder closely misses you. The adder closely misses you.
You completely miss the adder. You claw the adder. Your punch misses the adder.
The adder is lightly wounded.
The adder bites you but does no damage.
You hit the adder. You claw the adder.
You kill the adder!
You see here an adder corpse.
Your transformation is almost over.
Your horns disappear.
Your talons disappear.
Found a stone staircase leading down.
No target in view!
No target in view!
Ijyb the Twisted Goblin comes into view.
She is wielding a +0 dagger of holy wrath and carrying a wand of acid (10).
Ijyb shouts!
You hear a shout!
Found a scroll of identify.
A kobold comes into view. It is wielding a +0 whip.
There are monsters nearby!
There are monsters nearby!
Ijyb zaps a wand.
The bolt of acid hits you!!
Ouch! That really hurt!
Ijyb zaps a wand.
The bolt of acid hits you!!
Ouch! That really hurt!
You die...

.#.# ##..# #?
...######....
####.#
............# ....#
.########.#.#
###.^.### .# #>#.#
#.......# .# #.#.#
#....K... .# #.#.##
####.......# .#
#....###..g........
##
#.###...@.......##.
# #.# #.#.....#.###
#####
#.###.#.......?#
....#
#................
###†#
#.#.###......$.###
#.#####.#.#
#.....#....
#.........#
##.#########
#######.### #.#
#... ..


You could see Ijyb and a kobold (wandering).

Vanquished Creatures
  A scorpion (D:4)
  3 orc wizards (D:4)
  2 adders
  A worm (D:3)
  A dart slug (D:3)
  6 orcs
  4 ball pythons
  2 bats
  10 endoplasms
  2 giant cockroaches
  8 hobgoblins
  2 jackals (D:3)
  3 quokkas
  3 frilled lizards
  3 goblins
  A kobold (D:3)
  7 rats
59 creatures vanquished.

Notes
Turn   | Place    | Note
-------+----------+-------------------------------------------
     0 | D:1      | kae the Draconian Transmuter began the quest for the Orb.
     0 | D:1      | Reached XP level 1. HP: 16/16 MP: 3/3
   367 | D:1      | Reached XP level 2. HP: 19/23 MP: 3/5
   424 | D:1      | Found a faded altar of an unknown god.
  1263 | D:2      | Identified 2 scrolls of acquirement
  1263 | D:2      | Acquired 662 gold pieces
  1392 | D:2      | Learned a level 2 spell: Wereblood
  1687 | D:2      | Reached XP level 3. HP: 28/28 MP: 4/6
  2118 | D:3      | Acquired 931 gold pieces
  2276 | D:3      | Found Hihauqei's Distillery.
  2279 | D:3      | Bought a potion of heal wounds for 60 gold pieces
  2279 | D:3      | Bought a potion of berserk rage for 60 gold pieces
  2500 | D:3      | Found Vaidiekh's Magic Scroll Shop.
  2501 | D:3      | Found Curiqeug's Distillery.
  2510 | D:3      | Bought a scroll of magic mapping for 42 gold pieces
  2510 | D:3      | Bought a scroll of identify for 24 gold pieces
  2510 | D:3      | Found Jitic's Jewellery Shoppe.
  2512 | D:3      | Found a runed translucent door.
  2514 | D:3      | Bought a potion of mutation for 104 gold pieces
  2514 | D:3      | Bought a potion of mutation for 104 gold pieces
  2525 | D:3      | Bought an amulet of regeneration for 330 gold pieces
  2525 | D:3      | Bought a +4 ring of protection for 396 gold pieces
  2544 | D:3      | Found Ogenete's Antique Weapon Emporium.
  2599 | D:3      | Learned a level 3 spell: Spider Form
  2648 | D:3      | Reached XP level 4. HP: 36/36 MP: 5/7
  2815 | D:3      | Noticed initializr's ghost (amateur MiFi)
  3004 | D:4      | Reached XP level 5. HP: 36/41 MP: 4/9
  3149 | D:4      | Noticed Ijyb
  3154 | D:4      | Killed from afar by Ijyb

Illustrated notes

Levels and vault maps discovered:
D:1:      minmay_arrival_jagged, layout_loops_ring,
          chequers_ecumenical_altar_simple_redux, serial_aquarium,
          aquarium_bridge_straight [aquarium_subvault_bridge,
          aquarium_subvault_wall, aquarium_subvault_bridge,
          aquarium_subvault_wall], aquarium_bridge_square
          [aquarium_subvault_bridge, aquarium_subvault_window,
          aquarium_subvault_window, aquarium_subvault_wall], aquarium_window_2,
          aquarium_window_fake, aquarium_window_fake, aquarium_view_2d,
          aquarium_balcony_1b, minivault_19
D:2:      layout_basic
D:3:      layout_rooms, ebering_ghost_reflecting_pool, serial_shops,
          nicolae_shop_behind_doors, shop,
          nicolae_shop_competitors_out_of_business, shop, nicolae_shop_stone,
          grunt_ministairs_9
D:4:      layout_loops_ring, minivault_14, minmay_misc_feat_iff, uniq_ijyb

Skill      XL: |  1  2  3  4 |
---------------+-------------+-----
Dodging        | 2 |  2.7
Fighting       | 2 |  2.5
Transmutations | 3 |  3.8
Unarmed Combat | |  3.7
Spellcasting   | |  2.9

Action                   |  1- 3 |  4- 6 || total
-------------------------+-------+-------++-------
Melee: Unarmed           |   105 |    57 ||   162
       Headbutt          |    14 |     1 ||    15
       Punch             |     2 |       ||     2
       Kick              |    26 |     4 ||    30
       Tailslap          |    12 |     2 ||    14
 Cast: Beastly Appendage |    29 |     6 ||    35
       Spider Form       |       |     5 ||     5
  Use: Scroll            |    10 |     1 ||    11
 Stab: Sleeping          |     1 |       ||     1
Armor: Skin              |    27 |    16 ||    43
Dodge: Dodged            |    62 |    36 ||    98

Table legend: (Time is in decaauts)
 A = Elapsed time spent in this place.
 B = Non-inter-level travel time spent in this place.
 C = Inter-level travel time spent in this place.
 D = Time resting spent in this place.
 E = Time spent auto-exploring this place.
 F = Levels seen in this place.
 G = Mean time per level.
                   A        B        C        D        E       F      G
               +--------+--------+--------+--------+--------+-----+--------+
         Total |   3147 |   3009 |    138 |     72 |   2444 |   4 |  786.8 |
       Dungeon |   3147 |   3009 |    138 |     72 |   2444 |   4 |  786.8 |
               +--------+--------+--------+--------+--------+-----+--------+

Top non-repeatable levels by time:
     D:1: 1261 daAuts
     D:2: 854 daAuts
     D:3: 777 daAuts
     D:4: 254 daAuts
